 Dungeon Crawl Stone Soup version 0.25-a0-464-g3004169c2b (webtiles) character file.

Game seed: 6122293713573939855, levelgen mode: deterministic

36616 funkygono the Basher (level 13, -2/117 HPs)
             Began as a Minotaur Fighter on Feb 3, 2020.
             Was an Elder of the Shining One.
             Slain by an entropy weaver (12 damage)
             ... on level 6 of the Lair of Beasts on Feb 5, 2020.
             The game lasted 00:59:46 (17197 turns).

funkygono the Basher (Minotaur Fighter)            Turns: 17197, Time: 00:59:48

Health: -2/117     AC: 10    Str: 27    XL:     13   Next: 54%
Magic:  13/13      EV: 10    Int:  5    God:    the Shining One [****..]
Gold:   1061       SH: 18    Dex: 14    Spells: 12/12 levels left

rFire    . . .     SeeInvis .   a - +5 flail
rCold    . . .     Gourm    .   c - +1 shield
rNeg     + + .     Faith    .   G - +0 plate armour
rPois    +         Spirit   .   P - +2 hat
rElec    .         Reflect  +   J - +2 cloak {MR+}
rCorr    .         Harm     .   K - +1 pair of gloves
MR       +....                  (no boots)
Stlth    ..........             p - +4 amulet of reflection
HPRegen  0.29/turn              (no ring)
MPRegen  0.13/turn              A - ring of poison resistance

@: mighty, corroded, glowing
A: retaliatory headbutt, horns 2
a: Divine Shield, Cleansing Flame, Renounce Religion


You were on level 6 of the Lair of Beasts.
You worshipped the Shining One.
The Shining One was greatly pleased with you.
You were not hungry.

You visited 3 branches of the dungeon, and saw 18 of its levels.

You collected 1061 gold pieces.

Inventory:

Hand Weapons
 a - a +5 flail (weapon)
 b - a +1 vorpal hunting sling
 o - a +0 whip of venom
 v - a +1 flail
 M - a +1 morningstar of protection
 Q - a +1 whip of electrocution
Missiles
 k - 589 stones (quivered)
 T - 21 sling bullets
Armour
 c - a +1 shield (worn)
 G - a +0 plate armour (worn)
 J - a +2 cloak of magic resistance (worn)
 K - a +1 pair of gloves (worn)
 P - a +2 hat (worn)
Magical Staves
 O - an uncursed staff of power
Jewellery
 m - an uncursed ring of wizardry
 p - a +4 amulet of reflection (around neck)
 A - a ring of poison resistance (right hand)
 R - an uncursed amulet of the acrobat
 U - an uncursed amulet of guardian spirit
 W - an uncursed amulet of magic regeneration
Wands
 e - a wand of flame (58)
 z - a wand of enslavement (11)
 C - a wand of acid (9)
 D - a wand of digging (5)
 F - a wand of iceblast (30)
 L - a wand of paralysis (14)
Scrolls
 i - 6 scrolls of remove curse
 s - 2 scrolls of fear
 u - 2 scrolls of identify
 x - 2 scrolls of fog
 y - a scroll of magic mapping
 E - 5 scrolls of teleportation
 H - a scroll of amnesia
 V - a scroll of acquirement {unknown}
Potions
 d - 2 potions of might
 g - 5 potions of curing
 h - 2 potions of resistance
 j - 3 potions of agility
 l - 2 potions of mutation
 n - 4 potions of heal wounds
 q - 4 potions of flight
 r - a potion of invisibility
 t - a potion of brilliance
 w - a potion of cancellation
 I - a potion of haste
 N - a potion of lignification
 S - 2 potions of ambrosia {unknown}
Comestibles
 f - 23 rations
 B - 13 chunks of flesh


   Skills:
 + Level 11.8 Fighting
 + Level 13.6 Maces & Flails
 + Level 12.3 Slings
 + Level 10.0 Armour
 * Level 6.7 Dodging
 + Level 0.3 Stealth
 + Level 12.4 Shields
 + Level 1.7 Invocations


You had 12 spell levels left.
You didn't know any spells.
Your spell library contained the following spells:

 Spells                   Type           Power        Failure   Level  Hunger
 Sting                    Tmut/Pois      #...         100%        1    ##.....
 Poisonous Vapours        Pois/Air       #.....       100%        2    ###....
 Ignite Poison            Fire/Tmut/Pois #.......     100%        3    ####...
 Mephitic Cloud           Conj/Pois/Air  #.......     100%        3    ####...
 Olgreb's Toxic Radiance  Pois           #.......     100%        4    #####..


Dungeon Overview and Level Annotations

Branches:
Dungeon (11/15)            Temple (1/1) D:6            Lair (6/6) D:11
 Shoals (0/4) Lair:2       Spider (0/4) Lair:3        Slime (0/5) Lair:5
    Orc (0/2) D:9

Altars:
Ashenzari
Cheibriados
Dithmenos
Elyvilon
Fedhas
Gozag
Hepliaklqana
Kikubaaqudgha
Makhleb
Nemelex Xobeh
Okawaru
Qazlal
Ru
Sif Muna
Trog
Uskayaw
Vehumet
Wu Jian
Xom
Yredelemnul
Zin
The Shining One
Jiyva

Shops:
D:6 *


Innate Abilities, Weirdness & Mutations

You reflexively headbutt those who attack you in melee.
You have a pair of horns on your head.


Message History

The soldier ant completely misses you. You furiously retaliate!
You headbutt the soldier ant, but do no damage.
The soldier ant closely misses you.
You sock the entropy weaver!
The entropy weaver is severely wounded.
You block the entropy weaver's attack. The entropy weaver hits you!
* * * LOW HITPOINT WARNING * * *
The entropy weaver hits you.
* * * LOW HITPOINT WARNING * * *
The entropy weaver hits you.
* * * LOW HITPOINT WARNING * * *
You block the soldier ant's attack.
You feel very mighty all of a sudden. You block the soldier ant's attack.
You block the entropy weaver's attack. The entropy weaver hits you!
* * * LOW HITPOINT WARNING * * *
The entropy weaver hits you!
* * * LOW HITPOINT WARNING * * *
The entropy weaver hits you!
You die...

#...........#
#..........#
#.....†...##
##.........#
#..........#
#..........##
#P(.........#
##..........#
##(.....@..##
#......aaa.##
##..........#
##......(...#
#.......(..##
#....(.....#
#.....(....###
#.#......(....#
...........(....#


You could see an entropy weaver and 2 soldier ants.

Vanquished Creatures
  An entropy weaver (Lair:6)
  Snorg (D:10)
  2 hydras
  Urug (Lair:3)
  7 elephants
  3 merfolk sirens (Lair:2)
  Joseph (D:9)
  2 black mambas
  3 torpor snails
  13 spiny frogs
  Maurice (D:9)
  4 komodo dragons
  A merfolk (Lair:2)
  4 polar bears (Lair:3)
  A tyrant leech (Lair:6)
  Grinder (D:5)
  5 hornets
  12 blink frogs
  4 hippogriffs
  2 redbacks (Lair:3)
  A wyvern (D:8)
  35 yaks
  2 hogs (D:7)
  2 hungry ghosts (D:9)
  3 basilisks
  A vampire (D:10)
  A human (D:7)
  8 soldier ants (Lair:6)
  13 porcupines
  9 water moccasins
  4 black bears
  6 orc warriors
  4 ice beasts
  2 phantoms
  5 ogres
  2 necrophages (D:10)
  3 centaurs
  7 wolves (Lair:6)
  6 crocodiles
  2 big kobolds
  13 bullfrogs
  14 wights
  2 bullfrog zombies (D:11)
  7 crimson imps
  5 hounds
  A quasit (D:7)
  2 centaur zombies
  11 orc wizards
  A bullfrog skeleton (D:8)
  3 orc priests
  Crazy Yiuf (D:5)
  3 jellies
  2 centaur skeletons (D:10)
  4 iguanas
  21 worker ants
  A hound zombie (D:8)
  2 worker ant zombies
  10 adders
  3 gnolls (D:8)
  A howler monkey skeleton (D:9)
  3 shadow imps
  An adder zombie (D:8)
  3 adder skeletons
  2 worms
  4 dart slugs
  5 leopard geckos
  33 orcs
  A ball python (D:3)
  5 bats
  6 giant cockroaches
  8 goblins
  6 hobgoblins
  26 jackals
  3 quokkas
  4 frilled lizards
  A jackal skeleton (D:8)
  11 kobolds
  A leopard gecko skeleton (D:8)
  A quokka skeleton (D:5)
  2 rats (D:3)
  A plant (D:11)
419 creatures vanquished.

Vanquished Creatures (others)
  An orc warrior (D:7)
  A centaur (D:10)
  A bush (Lair:6)
  20 fungi
  13 plants
36 creatures vanquished.

Grand Total: 455 creatures vanquished

Notes
Turn   | Place    | Note
-------+----------+-------------------------------------------
     0 | D:1      | funkygono the Minotaur Fighter began the quest for the Orb.
     0 | D:1      | Reached XP level 1. HP: 19/19 MP: 0/0
    79 | D:1      | Reached XP level 2. HP: 25/27 MP: 1/1
   542 | D:2      | Reached XP level 3. HP: 33/33 MP: 2/2
   701 | D:2      | Noticed a centaur
   706 | D:2      | Killed a centaur
   706 | D:2      | Reached skill level 3 in Maces & Flails
   706 | D:2      | Reached skill level 1 in Slings
   706 | D:2      | Reached XP level 4. HP: 23/40 MP: 3/3
  1008 | D:2      | Found a shimmering altar of Xom.
  1279 | D:2      | Found a burning altar of Makhleb.
  1373 | D:3      | Reached XP level 5. HP: 34/46 MP: 4/4
  1508 | D:3      | Found a faded altar of an unknown god.
  2033 | D:4      | Noticed a phantom
  2075 | D:4      | Killed a phantom
  2075 | D:4      | Reached XP level 6. HP: 44/53 MP: 5/5
  2322 | D:4      | Reached skill level 5 in Shields
  2331 | D:4      | Reached skill level 4 in Maces & Flails
  2331 | D:4      | Reached skill level 5 in Armour
  2624 | D:5      | Entered Level 5 of the Dungeon
  2643 | D:5      | Reached XP level 7. HP: 60/60 MP: 6/6
  2718 | D:5      | Reached skill level 5 in Slings
  2838 | D:5      | Reached skill level 1 in Dodging
  2851 | D:5      | Reached skill level 5 in Maces & Flails
  2962 | D:5      | Reached skill level 5 in Fighting
  3072 | D:5      | Reached XP level 8. HP: 62/68 MP: 7/7
  3129 | D:5      | Noticed Grinder
  3163 | D:5      | Killed Grinder
  3274 | D:5      | Found a shadowy altar of Dithmenos.
  3606 | D:5      | Found a runed translucent door.
  3607 | D:5      | Noticed Crazy Yiuf
  3613 | D:5      | Killed Crazy Yiuf
  3925 | D:6      | Reached skill level 6 in Maces & Flails
  4014 | D:6      | Found a staircase to the Ecumenical Temple.
  4086 | Temple   | Entered the Ecumenical Temple
  4427 | D:6      | Found a shadowy altar of Dithmenos.
  4509 | D:6      | Found a shattered altar of Ashenzari.
  4510 | D:6      | Found a hide-covered altar of Uskayaw.
  4828 | D:6      | Found a glowing golden altar of the Shining One.
  4857 | D:6      | Became a worshipper of the Shining One
  4931 | D:6      | Found Huwasool's Assorted Antiques.
  4943 | D:6      | Reached XP level 9. HP: 75/75 MP: 8/8
  5569 | D:7      | Reached skill level 7 in Maces & Flails
  5660 | D:7      | Reached skill level 8 in Maces & Flails
  6065 | D:8      | Reached * piety under the Shining One
  6359 | D:8      | Reached XP level 10. HP: 80/86 MP: 9/9
  6394 | D:8      | Found an opulent altar of Gozag.
  6548 | D:8      | Found a sparkling altar of Nemelex Xobeh.
  6548 | D:8      | Found an opulent altar of Gozag.
  6551 | D:8      | Found a bloodstained altar of Trog.
  6552 | D:8      | Found a sacrificial altar of Ru.
  6552 | D:8      | Found a white marble altar of Elyvilon.
  6552 | D:8      | Found a blossoming altar of Fedhas.
  6552 | D:8      | Found a stormy altar of Qazlal.
  7002 | D:9      | Found a staircase to the Orcish Mines.
  7010 | D:9      | Reached skill level 9 in Maces & Flails
  7019 | D:9      | Noticed Joseph
  7045 | D:9      | Killed Joseph
  7159 | D:9      | Found an iron altar of Okawaru.
  7231 | D:9      | Reached ** piety under the Shining One
  7381 | D:9      | Reached skill level 10 in Slings
  7529 | D:9      | Noticed Maurice
  7540 | D:9      | Killed Maurice
  7957 | D:10     | Entered Level 10 of the Dungeon
  8382 | D:10     | Reached skill level 10 in Maces & Flails
  8587 | D:10     | Reached *** piety under the Shining One
  8803 | D:11     | Reached XP level 11. HP: 87/95 MP: 10/10
  8956 | D:11     | Noticed Snorg
  9409 | D:10     | Killed Snorg
  9534 | D:11     | Reached skill level 11 in Maces & Flails
  9676 | D:11     | Found a staircase to the Lair.
  9819 | D:11     | Reached skill level 10 in Shields
  9870 | D:11     | Reached **** piety under the Shining One
 10164 | D:11     | Upgraded the game from 0.25-a0-458-g6fc7858b95 to
                  | 0.25-a0-464-g3004169c2b
 10205 | Lair:1   | Entered Level 1 of the Lair of Beasts
 10796 | Lair:1   | You fall into a shaft and drop 1 floor!
 11095 | Lair:2   | Reached skill level 12 in Maces & Flails
 11178 | Lair:2   | Found a staircase to the Shoals.
 11528 | Lair:2   | Reached XP level 12. HP: 106/106 MP: 11/11
 11547 | Lair:2   | Reached skill level 10 in Fighting
 12412 | Lair:3   | Noticed Urug
 12433 | Lair:3   | Killed Urug
 12786 | Lair:3   | Found a hole to the Spider Nest.
 13789 | Lair:4   | Noticed a six-headed hydra
 13800 | Lair:4   | Killed a six-headed hydra
 13800 | Lair:4   | Reached skill level 1 in Invocations
 14680 | Lair:5   | Found a viscous altar of Jiyva.
 14681 | Lair:5   | Found a staircase to the Slime Pits.
 14948 | Lair:5   | Reached skill level 13 in Maces & Flails
 15495 | Lair:6   | Entered Level 6 of the Lair of Beasts
 15508 | Lair:6   | Reached skill level 5 in Dodging
 15508 | Lair:6   | Noticed a six-headed hydra
 15524 | Lair:6   | Killed a six-headed hydra
 15524 | Lair:6   | Reached XP level 13. HP: 44/116 MP: 9/13
 15534 | Lair:5   | HP: 3/116 [black mamba (9)]
 16727 | Lair:6   | Noticed an entropy weaver
 16749 | Lair:6   | Killed an entropy weaver
 17019 | Lair:6   | Reached skill level 10 in Armour
 17170 | Lair:6   | Noticed an entropy weaver
 17197 | Lair:6   | Slain by an entropy weaver

Levels and vault maps discovered:
D:1:      lemuel_arrival_rhombus, layout_rooms, serial_bayou_ford_a
D:2:      layout_loops_corners, nicolae_overflow_hidden_temple,
          kennysheep_another_room
D:3:      layout_loops_ring, chequers_ecumenical_altar_simple_redux
D:4:      layout_loops_cross
D:5:      minmay_general_purpose_star, layout_layer_cave,
          grunt_dithmenos_smoke_and_mirrors, first_ration,
          uniq_crazy_yiuf_cottage, uniq_grinder
D:6:      layout_basic, lemuel_doored_altar, gammafunk_temple_overflow_pools,
          minmay_temple_entry_drinking_statues, serial_shops, shop, basic_altar
D:7:      layout_rooms, grunt_livestock
D:8:      layout_loops_ring, grunt_temple_overflow_open,
          hangedman_decor_opposing,
          nicolae_gozag_cash_rules_everything_around_me
D:9:      layout_small_grid, okawaru_trees_2, uniq_maurice, uniq_joseph
D:10:     layout_loops_ring
D:11:     layout_irregular_city, minmay_lair_entry_grove, uniq_snorg
Temple:   jpeg_temple_island
Lair:1:   layout_layer_cave
Lair:2:   layout_long_grid, elwin_shoals_entry_stream, serial_rivers,
          chequers_serial_rivers_large_a, chequers_serial_rivers_small_3,
          chequers_serial_rivers_micro_a, chequers_serial_rivers_micro_d,
          chequers_serial_rivers_micro_d
Lair:3:   layout_regular_city, spider_nest_entry_a, cheibrodos_lair_lostbears,
          grunt_megastairs_4, uniq_urug
Lair:4:   statuecave_lemuel, layout_gridlike
Lair:5:   layout_small_grid, slime_altar_1
Lair:6:   hangedman_lair_in_review, layout_regular_city, wormcave, minivault_29

Skill      XL: |  1  2  3  4  5  6  7  8  9 10 11 12 13 |
---------------+----------------------------------------+-----
Armour         | 4 5 6 8 9 10 | 10.0
Shields        | 4 5 6 7 8 9 10 11 12 | 12.4
Fighting       | 4 5 6 7 8 9 11 | 11.8
Maces & Flails | 3 4 5 6 8 10 12 13 | 13.6
Slings         | 1 3 4 6 7 9 10 11 12 | 12.3
Dodging        | 1 2 5 6 |  6.7
Invocations    | 1 |  1.7
Stealth        | |  0.3

Action                   |  1- 3 |  4- 6 |  7- 9 | 10-12 | 13-15 || total
-------------------------+-------+-------+-------+-------+-------++-------
Melee: Flail             |    48 |    44 |       |   283 |   226 ||   601
       Headbutt          |     6 |    26 |    63 |   119 |    56 ||   270
       Whip              |       |    88 |    69 |       |       ||   157
       Morningstar       |       |       |   205 |   235 |       ||   440
 Fire: Hunting sling     |       |    51 |   153 |   339 |   134 ||   677
Throw: Stone             |       |     2 |       |       |    10 ||    12
Invok: Cleansing Flame   |       |       |       |     3 |       ||     3
  Use: Scroll            |     3 |     8 |     7 |    13 |     1 ||    32
       Potion            |       |       |       |       |     5 ||     5
  Eat: Chunk             |       |     6 |    12 |    14 |       ||    32
       Ration            |       |       |       |     6 |     1 ||     7
Armor: Chain mail        |    39 |    55 |    72 |       |       ||   166
       Plate armour      |       |       |    20 |   204 |    91 ||   315
Dodge: Dodged            |    14 |    15 |    48 |    87 |    65 ||   229
Block: Shield            |    29 |    70 |   180 |   409 |   214 ||   902
       Reflection        |       |       |     4 |    17 |       ||    21

Table legend:
 A = Non-vault XP
 B = Vault XP
 C = Vault XP percentage of total XP
 D = Non-vault monster count
 E = Vault monster count
 F = Vault count percentage of total count
                 A         B        C        D         E       F
            +---------+---------+-------+---------+---------+-------
      Total |   36568 |   15741 |  30.1 |     356 |      64 |  15.2
            +---------+---------+-------+---------+---------+-------
        D:1 |      31 |       0 |   0.0 |      15 |       0 |   0.0
        D:2 |     155 |       0 |   0.0 |      15 |       0 |   0.0
        D:3 |      33 |       0 |   0.0 |      17 |       0 |   0.0
        D:4 |     445 |       0 |   0.0 |      22 |       0 |   0.0
        D:5 |     702 |     552 |  44.0 |      23 |       4 |  14.8
        D:6 |    1000 |       0 |   0.0 |      22 |       0 |   0.0
        D:7 |     821 |     985 |  54.5 |      22 |       5 |  18.5
        D:8 |    1192 |       0 |   0.0 |      34 |       0 |   0.0
        D:9 |    1356 |     869 |  39.1 |      31 |       2 |   6.1
       D:10 |    2503 |    1732 |  40.9 |      24 |       4 |  14.3
       D:11 |    1903 |    1479 |  43.7 |      27 |       9 |  25.0
     Lair:1 |    1097 |       0 |   0.0 |       6 |       0 |   0.0
     Lair:2 |    4398 |    1703 |  27.9 |      20 |       4 |  16.7
     Lair:3 |    1073 |    2890 |  72.9 |       6 |       8 |  57.1
     Lair:4 |    5390 |       0 |   0.0 |      23 |       0 |   0.0
     Lair:5 |    5771 |     276 |   4.6 |      16 |       1 |   5.9
     Lair:6 |    8698 |    5255 |  37.7 |      33 |      27 |  45.0
            +---------+---------+-------+---------+---------+-------
